 Dungeon Crawl Stone Soup version 0.31-a0-174-g85c54bcb58 (webtiles) character file.

Game seed: 10816731537740268822

154669 qw the Crack Shot (level 17, -3/115 HPs)
             Began as a Gargoyle Hunter on June 15, 2023.
             Was an Elder of Okawaru.
             Slain by a ghoul (13 damage)
             ... on level 2 of the Swamp.
             The game lasted 00:12:09 (24811 turns).

qw the Crack Shot (Gargoyle Hunter)                Turns: 24811, Time: 00:12:09

Health: -3/115     AC: 38    Str: 17    XL:     17   Next: 63%
Magic:  24/24      EV: 26    Int: 10    God:    Okawaru [****..]
Gold:   1153       SH:  0    Dex: 25    Spells: 16/16 levels left

rFire   . . .        y - +4 triple crossbow (heavy)
rCold   . . .        (shield currently unavailable)
rNeg    + . .        z - +1 troll leather armour {Snorg}
rPois   inf          a - +1 helmet
rElec   +            h - +0 cloak
rCorr   .            n - +2 pair of gloves
SInv    .            x - +1 pair of boots of Devotion {Will+}
Will    ++...        p - amulet of faith
Stlth   ++++         c - ring of the Tortoise {AC+8}
HPRegen 1.19/turn    r - +6 ring of dexterity
MPRegen 0.19/turn

%: faith
@: heroic, flying
A: sickness immunity, AC +12, big wings, negative energy resistance 1,
electricity resistance, torment resistance 1, petrification resistance
a: Renounce Religion, Heroism, Finesse


You were on level 2 of the Swamp.
You worshipped Okawaru.
Okawaru was greatly pleased with you.
You visited 6 branches of the dungeon, and saw 29 of its levels.

You collected 4887 gold pieces.
You spent 3734 gold pieces at shops.


Innate Abilities, Weirdness & Mutations

You are immune to sickness and miasma.
Your stone body is resilient. (AC +12)
You are immune to poison.
Your large and strong wings let you fly.
You resist negative energy. (rN+)
You are resistant to electric shocks. (rElec)
You are resistant to unholy torment.
You are immune to petrification.


   Skills:
 - Level 16.0(21.0) Fighting
 - Level 22.0(27) Ranged Weapons
 - Level 9.0(14.0) Armour
 + Level 10.7(15.7) Dodging
 - Level 1.1(6.1) Stealth
 - Level 10.0 Invocations


You had 16 spell levels left.
You didn't know any spells.
Your spell library was empty.

Inventory:

Hand Weapons
 y - a +4 heavy triple crossbow (weapon)
Armour
 a - a +1 helmet (worn)
 e - +0 acid dragon scales
 h - a +0 cloak (worn)
 n - a +2 pair of gloves (worn)
 o - a +2 ring mail of fire resistance
 x - the +1 pair of boots of Devotion (worn) {Will+}
   (Okawaru gifted it to you on level 5 of the Lair of Beasts)

   Will:      It increases your willpower.
 z - a +1 troll leather armour (worn) {Snorg}
 B - a +0 robe of resistance
Jewellery
 c - the ring of the Tortoise (left hand) {AC+8}
   (You found it on level 1 of the Swamp)

   [ring of protection]

   AC:        It affects your AC (+8).
 p - an amulet of faith (around neck)
 q - an amulet of reflection
 r - a +6 ring of dexterity (right hand)
 s - the ring "Ziraragu" {Ice *Corrode rPois Int+3 Dex+3}
   (You bought it in a shop on level 9 of the Dungeon)

   [ring of ice]

   It enhances your ice magic.
   Int:       It affects your intelligence (+3).
   Dex:       It affects your dexterity (+3).
   rF:        It makes you vulnerable to fire.
   rC:        It protects you from cold.
   rPois:     It protects you from poison.
   *Corrode:  It may corrode you when you take damage.
 w - a ring of resist corrosion
 C - the amulet "Aqej" {rElec rF+ rC- Regen+ Int+5}
   (You bought it in a shop on level 2 of the Orcish Mines)

   [amulet of regeneration]

   Int:       It affects your intelligence (+5).
   rF:        It protects you from fire.
   rC:        It makes you vulnerable to cold.
   rElec:     It insulates you from electricity.
   Regen:     It increases your rate of health regeneration.
Wands
 A - a wand of digging (18)
Scrolls
 f - 16 scrolls of identify
Potions
 b - 6 potions of might
 d - a potion of cancellation
 i - 6 potions of attraction
 j - 4 potions of mutation
 k - 5 potions of curing
 l - 2 potions of resistance
 m - 5 potions of lignification
 v - 2 potions of haste

Dungeon Overview and Level Annotations

Branches:
Dungeon (15/15) Temple (1/1) D:7 Lair (5/5) D:10 Swamp (3/4) Lair:2 Spider (3/4) Lair:3 Slime (0/5) Lair:4 Orc (2/2) D:12 Elf (0/3) Orc:2 Vaults (0/5) D:12 D:13 Depths (0/4) D:15

Altars:
Ashenzari
Cheibriados
Dithmenos
Elyvilon
Fedhas
Gozag
Hepliaklqana
Kikubaaqudgha
Makhleb
Nemelex Xobeh
Okawaru
Qazlal
Ru
Sif Muna
Trog
Uskayaw
Vehumet
Wu Jian
Xom
Yredelemnul
Zin
The Shining One
Jiyva

Shops:
D:1 ([?   D:2 [=   D:7 [   D:9 =!![*[   D:11 *   Orc:2 =?(

Annotations:
D:3 3 runed translucent doors, qw's ghost, amateur GrFi
Orc:1 2 transporters, Teryn's ghost, journeyman DsAK


Message History

The seven-headed hydra bites you but does no damage.
The seven-headed hydra closely misses you.
The seven-headed hydra bites you but does no damage.
The seven-headed hydra completely misses you.
The seven-headed hydra bites you but does no damage.
The seven-headed hydra closely misses you.
The ghoul closely misses you. The ghoul claws you but does no damage.
The ghoul barely misses you. The ghoul claws you but does no damage.
The spriggan druid misses you.
You fly upwards.
The forest abruptly stops moving.
There is a stone staircase leading down here.
Enter note:
Enter note:
Enter note:
Enter note:
Enter note:
Enter note:
Enter note:
Enter note:
Enter note:
Enter note:
Enter note:
Enter note:
Enter note:
Enter note:
Enter note: You shoot a bolt.
The bolt hits the ghoul but does no damage.
The ghoul is almost destroyed.
You are hit by a branch! x2; The ghoul claws you!
The ghoul completely misses you.
The seven-headed hydra bites you but does no damage.
The seven-headed hydra misses you.
The seven-headed hydra barely misses you.
The seven-headed hydra completely misses you.
The seven-headed hydra bites you but does no damage.
The seven-headed hydra completely misses you.
The seven-headed hydra closely misses you.
The ghoul completely misses you. The ghoul claws you!
You die...

77~...'....#...#..~..777
777~~...#....#...#...¤~:77
.~~.....########.#.).....77
..~~...............7......77
~...~~................~...~7
¤~.7..~...~~¤....~...~..(~.7
~~~7~.~....~.~~i.7¤~......77
~777.~~~~¤¤~~~¤nn777.7.~777
777.>~~~~~.¤~~~n@7 77.~.77 7
7~~~..~~~....D77 77~..7 7
7~~~~..~~...~77 77~77
77777777~~~~~~.7


777 .7~.~.77~~~~~~~7 .777.~.~7~~~.777 .7 7~7~.....777 7777......~..~7
77..~~.~~¤~.~77 You could see 3 ghouls, a seven-headed hydra and a spriggan
druid.

Vanquished Creatures
  Saint Roka (Orc:2)
  Roxanne (Spider:2)
  2 ghost moths
  2 emperor scorpions
  A broodmother (Spider:2)
  3 eleionomae (Swamp:2)
  Nessos (Lair:5)
  Snorg (D:14)
  A fire dragon (Lair:5)
  4 entropy weavers
  7 hydras
  Erolcha (D:11)
  3 jorogumos
  An ogre mage (D:15)
  A catoblepas (Lair:1)
  2 centaur warriors (D:13)
  3 alligators
  3 tengu warriors
  3 death knights
  2 boulder beetles
  9 two-headed ogres
  9 demonic crawlers
  Urug (D:12)
  3 orc high priests (Orc:2)
  Amaemon (Lair:1)
  2 skysharks
  A fire crab (Lair:5)
  3 skeletal warriors (D:12)
  A pharaoh ant (Spider:3)
  A spriggan druid (Swamp:1)
  4 goliath frogs
  A sun moth (Spider:1)
  A bog body (Swamp:2)
  9 orb spiders
  4 orc knights (Orc:2)
  A wizard (D:15)
  A phantasmal warrior (D:11)
  4 swamp dragons
  8 steelbarb worms
  22 ugly things
  A necromancer (D:15)
  3 deep elf pyromancers
  2 manticores (D:13)
  5 orc sorcerers
  3 moths of wrath (Spider:3)
  11 wolf spiders
  3 cyclopes
  11 black mambas
  4 will-o-the-wisps
  A guardian serpent (Lair:5)
  6 elephants (Lair:4)
  A naga mage (D:15)
  7 torpor snails
  12 cane toads
  2 gargoyles
  Psyche (D:8)
  2 rime drakes (Lair:5)
  An orange demon (Lair:1)
  7 komodo dragons
  5 kobold demonologists
  A yaktaur (D:15)
  3 freezing wraiths (D:11)
  4 unseen horror zombies (D:9)
  A tengu conjurer (D:13)
  2 polar bears
  4 tyrant leeches
  A bloated husk (Swamp:1)
  7 trolls
  4 hornets
  8 blink frogs
  19 tarantellas
  5 dream sheep (Lair:3)
  22 jumping spiders
  11 culicivoras
  3 shadows
  16 slime creatures
  6 water elementals
  2 wraiths
  36 yaks
  2 vampires
  6 spriggans
  A ynoxinul (D:9)
  18 wyverns
  16 humans
  Grum (D:8)
  4 basilisks
  15 vampire mosquitoes
  25 redbacks
  15 swamp worms
  4 acid dragons
  24 water moccasins
  5 swamp drakes
  22 orc warriors
  A sky beast (D:7)
  2 black bears (Lair:1)
  A hornet zombie (D:15)
  11 ogres
  14 wolves
  12 centaurs
  A phantom (D:5)
  7 kobold brigands
  A wyvern zombie (D:9)
  7 bullfrogs
  6 gnoll sergeants
  2 scorpions
  9 wights (D:9)
  8 killer bees
  6 howler monkeys
  5 electric eels
  A lava snake (Lair:5)
  9 centaur zombies
  2 hounds (D:6)
  A gnoll bouda (D:8)
  11 orc priests
  A sleepcap (D:6)
  8 iguanas
  21 orc wizards
  2 hell rats (Lair:5)
  3 howler monkey zombies (D:9)
  22 gnolls
  8 adders
  7 river rats (Lair:5)
  A shadow imp (D:6)
  An ufetubus (D:6)
  3 dart slugs
  66 orcs
  8 endoplasms
  4 giant cockroaches
  7 goblins
  5 hobgoblins
  8 jackals
  41 kobolds
  5 quokkas
  6 ball pythons
  3 bats
  A frilled lizard (D:1)
  4 rats
  A butterfly (Lair:2)
883 creatures vanquished.

Vanquished Creatures (others)
  2 orcs
  12 foxfires (Swamp:2)
14 creatures vanquished.

Grand Total: 897 creatures vanquished

Notes
Turn   | Place    | Note
-------+----------+-------------------------------------------
     0 | D:1      | qw the Gargoyle Hunter began the quest for the Orb.
     0 | D:1      | Reached XP level 1. HP: 12/12 MP: 1/1
     0 | D:1      | 0 ||| qw: Version: 0.2-a-29-g511e9b1
     0 | D:1      | 0 ||| qw: Game counter: 5319
     0 | D:1      | 0 ||| qw: Always use a shield: true
     0 | D:1      | 0 ||| qw: God list: Okawaru
     0 | D:1      | 0 ||| qw: Allow faded altars: false
     0 | D:1      | 0 ||| qw: Do Orc after D:15 true
     0 | D:1      | 0 ||| qw: Do second Lair branch before Depths: true
     0 | D:1      | 0 ||| qw: Lair rune preference: random
     0 | D:1      | 0 ||| qw: Plans: Normal, Zot:1-4, Slime:5, God:TSO, Crypt,
                  | Tomb, Abyss, Pan, Hells, Win
     0 | D:1      | 0 ||| PLANNING D:1-11
     7 | D:1      | Found Metur's Antique Armour Shop.
    17 | D:1      | 17 ||| SHOPLISTING glowing robe (81 gold, have 9).
    17 | D:1      | 17 ||| SHOPLISTING pair of glowing boots (165 gold, have
                  | 9).
    17 | D:1      | 17 ||| SHOPLISTING runed ring mail (154 gold, have 9).
    49 | D:1      | Found a faded altar of an unknown god.
   101 | D:1      | Found Awnimi Hiant's Antique Weapon Boutique.
   128 | D:1      | Reached XP level 2. HP: 17/17 MP: 2/2
   329 | D:1      | Found Xisit's Magic Scroll Shoppe.
   338 | D:1      | 338 ||| BUYING scroll of identify (24 gold).
   338 | D:1      | Bought a scroll of identify for 24 gold pieces
   338 | D:1      | 338 ||| SHOPLISTING scroll of identify (24 gold, have 16).
   338 | D:1      | 338 ||| SHOPLISTING scroll of teleportation (36 gold, have
                  | 16).
   504 | D:1      | You fall into a shaft and drop 1 floor!
   554 | D:2      | 554 ||| UPGRADING to +0 cloak.
   559 | D:2      | 559 ||| UPGRADING to ring of see invisible.
   560 | D:2      | 560 ||| READING scroll labelled VOVYC NYGGOA.
   561 | D:2      | 561 ||| READING 2 scrolls labelled NOYNIB QUSAIHU.
   565 | D:2      | 565 ||| READING scroll labelled PILEOT JIHATIM.
   566 | D:2      | 566 ||| READING 2 scrolls of identify.
   566 | D:2      | 566 ||| IDENTIFYING sapphire potion
   567 | D:2      | 567 ||| DROPPING scroll of butterflies.
   633 | D:1      | Reached XP level 3. HP: 21/21 MP: 3/3
   713 | D:1      | 713 ||| READING 3 scrolls labelled FUILYR ILADGH.
   714 | D:1      | 714 ||| DROPPING 2 scrolls of blinking.
   770 | D:2      | Found Yric's One-of-a-Kind Rings.
   779 | D:2      | 779 ||| SHOPLISTING +3 ring of strength (120 gold, have
                  | 16).
   779 | D:2      | 779 ||| SHOPLISTING +4 ring of dexterity (180 gold, have
                  | 16).
   779 | D:2      | 779 ||| SHOPLISTING +7 ring of evasion (792 gold, have 16).
   779 | D:2      | 779 ||| SHOPLISTING ring "Pualaf" {rPois rF++ rN+ rCorr
                  | Dex-5} (525 gold, have 16).
   779 | D:2      | 779 ||| SHOPLISTING ring of Kuifaxon {rF+ rC+ Will- EV+5
                  | Int+5} (759 gold, have 16).
   799 | D:2      | Reached skill level 5 in Ranged Weapons
   974 | D:2      | Found Buunuqol's Armour Shop.
   980 | D:2      | 980 ||| SHOPLISTING scarf of repulsion (168 gold, have 16).
  1107 | D:2      | Reached skill level 3 in Fighting
  1397 | D:2      | 1397 ||| READING scroll labelled OCIORA TYEB.
  1402 | D:3      | 1402 ||| PLANNING SEWER
  1440 | D:3      | Found a runed translucent gate.
  1440 | D:3      | Found a runed translucent gate.
  1440 | D:3      | Found a runed translucent gate.
  1450 | D:3      | Reached XP level 4. HP: 28/28 MP: 4/4
  1671 | D:3      | Found a faded altar of an unknown god.
  1907 | D:3      | Reached skill level 6 in Ranged Weapons
  1907 | D:3      | Reached XP level 5. HP: 12/32 MP: 5/5
  2177 | D:3      | 2177 ||| RIP SEWER
  2203 | D:3      | 2203 ||| PLANNING D:1-11
  2205 | D:3      | Noticed qw's ghost (amateur GrFi)
  2313 | D:3      | Found a glowing golden altar of the Shining One.
  2376 | D:3      | Reached skill level 1 in Armour
  2441 | D:3      | 2441 ||| READING scroll labelled TIVOD TERAPO.
  2542 | D:3      | 2542 ||| READING scroll labelled YSEIH EPPUTWER.
  2543 | D:3      | 2543 ||| DRINKING 2 fuming yellow potions.
  2544 | D:3      | 2544 ||| DRINKING 2 lumpy cyan potions.
  2545 | D:3      | 2545 ||| READING 2 scrolls of identify.
  2545 | D:3      | 2545 ||| IDENTIFYING red potion
  2546 | D:3      | 2546 ||| DROPPING potion of brilliance.
  2686 | D:4      | 2686 ||| Stepping ~*~*~tactically~*~*~ (outnumbered).
  2688 | D:4      | 2688 ||| Stepping ~*~*~tactically~*~*~ (outnumbered).
  2915 | D:4      | Reached XP level 6. HP: 38/38 MP: 6/6
  2928 | D:4      | HP: 8/38 [scorpion (4)]
  2929 | D:4      | 2929 ||| READING 2 scrolls of teleportation.
  2929 | D:4      | HP: 3/38 [scorpion (6)]
  2930 | D:4      | 2930 ||| DRINKING potion of heal wounds.
  2934 | D:4      | 2934 ||| FLEEEEING.
  2948 | D:4      | HP: 7/38 [orc/+0 hand axe (4)]
  2949 | D:4      | 2949 ||| READING scroll of teleportation.
  3105 | D:4      | 3105 ||| UPGRADING to +0 ring mail.
  3115 | D:4      | 3115 ||| DROPPING +0 leather armour.
  3116 | D:4      | 3116 ||| DRINKING 2 smoky clear potions.
  3117 | D:4      | 3117 ||| DRINKING potion of curing.
  3117 | D:4      | 3117 ||| (to cure confusion)
  3118 | D:4      | 3118 ||| READING 3 scrolls of identify.
  3118 | D:4      | 3118 ||| IDENTIFYING inky potion
  3119 | D:4      | 3119 ||| READING 2 scrolls of identify.
  3119 | D:4      | 3119 ||| IDENTIFYING puce potion
  3120 | D:4      | 3120 ||| DROPPING potion of ambrosia.
  3122 | D:4      | 3122 ||| FLEEEEING.
  3123 | D:4      | 3123 ||| FLEEEEING.
  3124 | D:4      | 3124 ||| FLEEEEING.
  3125 | D:4      | 3125 ||| FLEEEEING.
  3126 | D:4      | 3126 ||| FLEEEEING.
  3127 | D:4      | 3127 ||| FLEEEEING.
  3128 | D:4      | 3128 ||| FLEEEEING.
  3129 | D:4      | 3129 ||| FLEEEEING.
  3130 | D:4      | 3130 ||| FLEEEEING.
  3131 | D:4      | 3131 ||| FLEEEEING.
  3132 | D:4      | 3132 ||| FLEEEEING.
  3133 | D:4      | 3133 ||| FLEEEEING.
  3134 | D:4      | 3134 ||| FLEEEEING.
  3135 | D:4      | 3135 ||| FLEEEEING.
  3136 | D:4      | 3136 ||| FLEEEEING.
  3137 | D:4      | 3137 ||| FLEEEEING.
  3138 | D:4      | 3138 ||| FLEEEEING.
  3139 | D:4      | 3139 ||| FLEEEEING.
  3140 | D:4      | 3140 ||| FLEEEEING.
  3141 | D:4      | 3141 ||| FLEEEEING.
  3142 | D:4      | 3142 ||| FLEEEEING.
  3143 | D:4      | 3143 ||| FLEEEEING.
  3144 | D:4      | 3144 ||| FLEEEEING.
  3145 | D:4      | 3145 ||| FLEEEEING.
  3146 | D:4      | 3146 ||| FLEEEEING.
  3147 | D:4      | 3147 ||| FLEEEEING.
  3148 | D:4      | 3148 ||| FLEEEEING.
  3149 | D:4      | 3149 ||| FLEEEEING.
  3150 | D:4      | 3150 ||| FLEEEEING.
  3151 | D:4      | 3151 ||| STAIRDANCE
  3155 | D:4      | 3155 ||| STAIRDANCE
  3179 | D:4      | 3179 ||| STAIRDANCE
  3183 | D:4      | 3183 ||| STAIRDANCE
  3187 | D:4      | 3187 ||| STAIRDANCE
  3191 | D:4      | 3191 ||| STAIRDANCE
  3195 | D:4      | 3195 ||| STAIRDANCE
  3199 | D:4      | 3199 ||| STAIRDANCE
  3203 | D:4      | 3203 ||| STAIRDANCE
  3207 | D:4      | 3207 ||| STAIRDANCE
  3211 | D:4      | 3211 ||| STAIRDANCE
  3215 | D:4      | 3215 ||| STAIRDANCE
  3219 | D:4      | 3219 ||| STAIRDANCE
  3223 | D:4      | 3223 ||| STAIRDANCE
  3227 | D:4      | 3227 ||| STAIRDANCE
  3231 | D:4      | 3231 ||| STAIRDANCE
  3235 | D:4      | 3235 ||| STAIRDANCE
  3239 | D:4      | 3239 ||| STAIRDANCE
  3243 | D:4      | 3243 ||| STAIRDANCE
  3247 | D:4      | 3247 ||| STAIRDANCE
  3286 | D:3      | 3286 ||| Stepping randomly (stuck).
  3575 | D:4      | 3575 ||| UPGRADING to +0 helmet.
  3604 | D:5      | Entered Level 5 of the Dungeon
  3632 | D:5      | Noticed a water moccasin
  3650 | D:5      | Reached skill level 7 in Ranged Weapons
  3661 | D:5      | HP: 8/38 [phantom (3)]
  3667 | D:5      | HP: 9/38 [phantom (1)]
  3675 | D:5      | HP: 5/38 [phantom (6)]
  3681 | D:5      | Reached XP level 7. HP: 8/43 MP: 7/7
  3686 | D:5      | HP: 7/43 [gnoll/+0 spear (2)]
  3690 | D:5      | 3690 ||| FLEEEEING.
  3691 | D:5      | 3691 ||| FLEEEEING.
  3692 | D:5      | 3692 ||| FLEEEEING.
  3693 | D:5      | 3693 ||| FLEEEEING.
  3694 | D:5      | 3694 ||| FLEEEEING.
  3695 | D:5      | 3695 ||| FLEEEEING.
  3696 | D:5      | 3696 ||| FLEEEEING.
  3697 | D:5      | 3697 ||| FLEEEEING.
  3698 | D:5      | 3698 ||| FLEEEEING.
  3699 | D:5      | 3699 ||| FLEEEEING.
  3701 | D:5      | 3701 ||| FLEEEEING.
  3702 | D:5      | 3702 ||| STAIRDANCE
  3831 | D:5      | 3831 ||| STAIRDANCE
  4341 | D:5      | Reached skill level 8 in Ranged Weapons
  4410 | D:5      | 4410 ||| UPGRADING to +0 orcbow.
  4411 | D:5      | 4411 ||| DROPPING +0 shortbow.
  4564 | D:5      | 4564 ||| DROPPING +0 leather armour of poison resistance.
  4565 | D:5      | 4565 ||| READING 3 scrolls labelled XOOPNO DORIRE.
  4565 | D:5      | Identified 3 scrolls of acquirement
  4565 | D:5      | 4565 ||| ACQUIRING 504 gold pieces
  4565 | D:5      | Acquired 504 gold pieces
  4566 | D:5      | 4566 ||| READING 2 scrolls of acquirement.
  4566 | D:5      | 4566 ||| ACQUIRING +8 storm bow {elec, penet}
  4566 | D:5      | Acquired the +8 storm bow {elec, penet}
  4566 | D:5      | Found the +8 storm bow {elec, penet}
  4567 | D:5      | 4567 ||| READING scroll of acquirement.
  4567 | D:5      | 4567 ||| ACQUIRING 1250 gold pieces
  4567 | D:5      | Acquired 1250 gold pieces
  4569 | D:5      | 4569 ||| UPGRADING to +8 storm bow {elec, penet}.
  4570 | D:5      | 4570 ||| READING scroll labelled JUQIOCY KYG KINA.
  4571 | D:5      | 4571 ||| READING scroll labelled UFAJAAMERCH.
  4572 | D:5      | 4572 ||| READING 2 scrolls of identify.
  4572 | D:5      | 4572 ||| IDENTIFYING silvery potion
  4573 | D:5      | 4573 ||| DROPPING potion of degeneration.
  4624 | D:6      | Reached XP level 8. HP: 44/51 MP: 8/8
  4781 | D:6      | Found a white marble altar of Elyvilon.
  4843 | D:6      | Found an opulent altar of Gozag.
  4843 | D:6      | Found a faded altar of an unknown god.
  4851 | D:6      | Found a shimmering altar of Xom.
  4853 | D:6      | Found a snail-covered altar of Cheibriados.
  4855 | D:6      | Found a faded altar of an unknown god.
  4895 | D:6      | Found an ornate altar of the Wu Jian Council.
  5601 | D:6      | 5601 ||| READING scroll labelled GEL WYOLEICHILUO.
  5704 | D:7      | Reached skill level 9 in Ranged Weapons
  5739 | D:7      | Reached skill level 6 in Fighting
  5754 | D:7      | Noticed a two-headed ogre
  5755 | D:7      | 5755 ||| FLEEEEING.
  5768 | D:7      | 5768 ||| FLEEEEING.
  5769 | D:7      | 5769 ||| FLEEEEING.
  5770 | D:7      | 5770 ||| FLEEEEING.
  5837 | D:7      | Reached skill level 10 in Ranged Weapons
  5863 | D:7      | Reached XP level 9. HP: 55/55 MP: 9/9
  5867 | D:7      | 5867 ||| FLEEEEING.
  5871 | D:7      | 5871 ||| FLEEEEING.
  5872 | D:7      | 5872 ||| FLEEEEING.
  5873 | D:7      | 5873 ||| FLEEEEING.
  5874 | D:7      | 5874 ||| FLEEEEING.
  5875 | D:7      | 5875 ||| FLEEEEING.
  5876 | D:7      | 5876 ||| FLEEEEING.
  5877 | D:7      | 5877 ||| FLEEEEING.
  5878 | D:7      | 5878 ||| FLEEEEING.
  5879 | D:7      | 5879 ||| FLEEEEING.
  5880 | D:7      | 5880 ||| FLEEEEING.
  5881 | D:7      | 5881 ||| FLEEEEING.
  5882 | D:7      | 5882 ||| FLEEEEING.
  5883 | D:7      | 5883 ||| FLEEEEING.
  5884 | D:7      | 5884 ||| FLEEEEING.
  5885 | D:7      | 5885 ||| FLEEEEING.
  5886 | D:7      | 5886 ||| FLEEEEING.
  5887 | D:7      | 5887 ||| FLEEEEING.
  5888 | D:7      | 5888 ||| FLEEEEING.
  5889 | D:7      | 5889 ||| FLEEEEING.
  5890 | D:7      | 5890 ||| FLEEEEING.
  5891 | D:7      | 5891 ||| FLEEEEING.
  5893 | D:7      | 5893 ||| FLEEEEING.
  5894 | D:7      | 5894 ||| FLEEEEING.
  5895 | D:7      | 5895 ||| FLEEEEING.
  5896 | D:7      | 5896 ||| FLEEEEING.
  5897 | D:7      | 5897 ||| FLEEEEING.
  5898 | D:7      | 5898 ||| FLEEEEING.
  5899 | D:7      | 5899 ||| FLEEEEING.
  5901 | D:7      | 5901 ||| FLEEEEING.
  5902 | D:7      | 5902 ||| FLEEEEING.
  5903 | D:7      | 5903 ||| FLEEEEING.
  5904 | D:7      | 5904 ||| FLEEEEING.
  5905 | D:7      | 5905 ||| FLEEEEING.
  5906 | D:7      | 5906 ||| STAIRDANCE
  5966 | D:7      | Reached skill level 3 in Armour
  5987 | D:7      | Killed a two-headed ogre
  6154 | D:7      | Found Nitzas's Armour Shoppe.
  6166 | D:7      | 6166 ||| BUYING +0 pair of boots (54 gold).
  6166 | D:7      | Bought a +0 pair of boots for 54 gold pieces
  6166 | D:7      | 6166 ||| BUYING +0 pair of gloves (54 gold).
  6166 | D:7      | Bought a +0 pair of gloves for 54 gold pieces
  6166 | D:7      | 6166 ||| BUYING +2 ring mail of fire resistance (252 gold).
  6166 | D:7      | Bought a +2 ring mail of fire resistance for 252 gold
                  | pieces
  6199 | D:7      | Found a staircase to the Ecumenical Temple.
  6200 | D:7      | 6200 ||| PLANNING TEMPLE
  6351 | D:7      | 6351 ||| UPGRADING to +0 pair of boots.
  6356 | D:7      | 6356 ||| UPGRADING to +0 pair of gloves.
  6361 | D:7      | 6361 ||| UPGRADING to +2 ring mail of fire resistance.
  6371 | D:7      | 6371 ||| DROPPING +0 ring mail.
  6372 | D:7      | 6372 ||| UPGRADING to amulet of regeneration.
  6413 | D:8      | Noticed Grum
  6416 | D:8      | 6416 ||| STAIRDANCE
  6432 | D:8      | 6432 ||| STAIRDANCE
  6432 | D:8      | HP: 13/59 [wolf[Grum] (5)]
  6484 | D:8      | Killed Grum
  6485 | D:8      | Reached skill level 11 in Ranged Weapons
  6612 | D:8      | 6612 ||| READING 2 scrolls of identify.
  6612 | D:8      | 6612 ||| IDENTIFYING glowing puce potion
  6613 | D:8      | 6613 ||| DROPPING potion of enlightenment.
  6998 | D:8      | Reached skill level 3 in Dodging
  7002 | D:8      | Reached XP level 10. HP: 64/64 MP: 10/10
  7025 | Temple   | Entered the Ecumenical Temple
  7027 | Temple   | 7027 ||| PLANNING OKAWARU WORSHIP
  7076 | Temple   | Became a worshipper of Warmaster Okawaru
  7077 | Temple   | 7077 ||| PLANNING D:1-11
  7087 | D:7      | 7087 ||| Stepping randomly (stuck).
  7173 | D:8      | Noticed Psyche
  7177 | D:8      | Killed Psyche
  7325 | D:8      | Found an ancient bone altar of Kikubaaqudgha.
  7329 | D:8      | Found a stormy altar of Qazlal.
  7445 | D:8      | 7445 ||| READING scroll labelled ENUOROS PENU.
  7523 | D:9      | Reached skill level 12 in Ranged Weapons
  7526 | D:9      | Reached * piety under Okawaru
  7563 | D:9      | Found a bloodstained altar of Trog.
  7564 | D:9      | 7564 ||| INVOKING Heroism.
  7592 | D:9      | Found a shimmering blue altar of Sif Muna.
  7595 | D:9      | Reached skill level 1 in Invocations
  7621 | D:9      | Found a burning altar of Makhleb.
  7731 | D:9      | Reached skill level 3 in Invocations
  7740 | D:9      | 7740 ||| READING scroll labelled UFEIL KIMIZAUJ.
  7742 | D:9      | 7742 ||| FLEEEEING.
  7743 | D:9      | 7743 ||| FLEEEEING.
  7754 | D:9      | 7754 ||| INVOKING Heroism.
  7808 | D:9      | Reached ** piety under Okawaru
  7944 | D:9      | Reached skill level 13 in Ranged Weapons
  7945 | D:9      | 7945 ||| INVOKING Heroism.
  8114 | D:9      | Reached skill level 9 in Fighting
  8114 | D:9      | Reached XP level 11. HP: 71/71 MP: 14/14
  8121 | D:9      | Reached *** piety under Okawaru
  8164 | D:9      | Found Can Biyl's Jewellery Shoppe.
  8167 | D:9      | Found Zainorr's Distillery.
  8171 | D:9      | Found Lekhlise's Distillery.
  8171 | D:9      | Found Womo's Armour Shoppe.
  8173 | D:9      | 8173 ||| BUYING +6 ring of dexterity (576 gold).
  8173 | D:9      | Bought a +6 ring of dexterity for 576 gold pieces
  8173 | D:9      | 8173 ||| BUYING ring "Ziraragu" {Ice *Corrode rPois Int+3
                  | Dex+3} (691 gold).
  8173 | D:9      | Bought the ring "Ziraragu" {Ice *Corrode rPois Int+3 Dex+3}
                  | for 691 gold pieces
  8173 | D:9      | 8173 ||| BUYING ring of fire (400 gold).
  8173 | D:9      | Bought a ring of fire for 400 gold pieces
  8173 | D:9      | 8173 ||| SHOPLISTING ring of protection from cold (400
                  | gold, have 166).
  8177 | D:9      | Found Lettoutu's Assorted Antiques.
  8177 | D:9      | Found Yrghivuj's Antique Armour Emporium.
  8179 | D:9      | 8179 ||| BUYING potion of attraction (45 gold).
  8179 | D:9      | Bought a potion of attraction for 45 gold pieces
  8179 | D:9      | 8179 ||| BUYING potion of heal wounds (75 gold).
  8179 | D:9      | Bought a potion of heal wounds for 75 gold pieces
  8179 | D:9      | 8179 ||| SHOPLISTING potion of heal wounds (75 gold, have
                  | 46).
  8179 | D:9      | 8179 ||| SHOPLISTING potion of magic (120 gold, have 46).
  8179 | D:9      | 8179 ||| SHOPLISTING potion of might (60 gold, have 46).
  8179 | D:9      | 8179 ||| SHOPLISTING potion of mutation (120 gold, have
                  | 46).
  8191 | D:9      | 8191 ||| BUYING bubbling black potion (25 gold).
  8191 | D:9      | Bought a bubbling black potion for 25 gold pieces
  8191 | D:9      | 8191 ||| SHOPLISTING cyan potion (25 gold, have 21).
  8191 | D:9      | 8191 ||| SHOPLISTING glowing ring mail (196 gold, have 21).
  8191 | D:9      | 8191 ||| SHOPLISTING scroll of identify (56 gold, have 21).
  8191 | D:9      | 8191 ||| SHOPLISTING wooden wand (112 gold, have 21).
  8211 | D:9      | 8211 ||| SHOPLISTING +3 leather armour of fire resistance
                  | (336 gold, have 31).
  8217 | D:9      | 8217 ||| SHOPLISTING potion of curing (42 gold, have 31).
  8217 | D:9      | 8217 ||| SHOPLISTING potion of heal wounds (70 gold, have
                  | 31).
  8217 | D:9      | 8217 ||| SHOPLISTING potion of magic (112 gold, have 31).
  8217 | D:9      | 8217 ||| SHOPLISTING potion of mutation (112 gold, have
                  | 31).
  8246 | D:9      | 8246 ||| Stepping ~*~*~tactically~*~*~ (outnumbered).
  8248 | D:9      | 8248 ||| Stepping ~*~*~tactically~*~*~ (outnumbered).
  8331 | D:9      | 8331 ||| UPGRADING to amulet of faith.
  8341 | D:9      | 8341 ||| DROPPING amulet of regeneration.
  8342 | D:9      | 8342 ||| DROPPING ring of see invisible.
  8343 | D:9      | 8343 ||| UPGRADING to +6 ring of dexterity.
  8344 | D:9      | 8344 ||| READING 4 scrolls of identify.
  8344 | D:9      | 8344 ||| IDENTIFYING bubbling black potion
  8369 | D:10     | Entered Level 10 of the Dungeon
  8434 | D:10     | Found a staircase to the Lair.
  8444 | D:10     | Noticed a two-headed ogre
  8445 | D:10     | 8445 ||| INVOKING Heroism.
  8449 | D:10     | Killed a two-headed ogre
  8449 | D:10     | Received a gift from Okawaru
  8594 | D:10     | 8594 ||| INVOKING Heroism.
  8730 | D:10     | 8730 ||| INVOKING Heroism.
  8774 | D:10     | Reached **** piety under Okawaru
  8782 | D:10     | Reached skill level 14 in Ranged Weapons
  8879 | D:10     | Found a shadowy altar of Dithmenos.
  8985 | D:10     | 8985 ||| PLANNING LAIR
  8985 | D:10     | 8985 ||| READING 5 scrolls of identify.
  8985 | D:10     | 8985 ||| IDENTIFYING grey potion
  9001 | Lair:1   | Entered Level 1 of the Lair of Beasts
  9043 | Lair:1   | Reached ***** piety under Okawaru
  9052 | Lair:1   | Noticed a catoblepas
  9053 | Lair:1   | 9053 ||| INVOKING Heroism.
  9055 | Lair:1   | Killed a catoblepas
  9056 | Lair:1   | Reached skill level 6 in Invocations
  9093 | Lair:1   | 9093 ||| INVOKING Heroism.
  9126 | Lair:1   | Received a gift from Okawaru
  9142 | Lair:1   | 9142 ||| DROPPING +0 orcbow.
  9258 | Lair:1   | Noticed Amaemon
  9259 | Lair:1   | 9259 ||| INVOKING Heroism.
  9267 | Lair:1   | Killed Amaemon
  9268 | Lair:1   | Reached skill level 6 in Armour
  9269 | Lair:1   | Reached XP level 12. HP: 72/76 MP: 14/17
  9379 | Lair:1   | Found a frozen archway.
  9577 | Lair:1   | 9577 ||| INVOKING Heroism.
  9767 | Lair:1   | 9767 ||| INVOKING Heroism.
  9817 | Lair:1   | 9817 ||| READING scroll labelled XUHIESSEUTH.
  9953 | Lair:2   | Found a staircase to the Swamp.
 10436 | Lair:3   | Noticed an eight-headed hydra
 10437 | Lair:3   | 10437 ||| INVOKING Heroism.
 10440 | Lair:3   | Killed an eight-headed hydra
 10441 | Lair:3   | Reached skill level 9 in Invocations
 10585 | Lair:3   | Noticed a six-headed hydra
 10586 | Lair:3   | 10586 ||| INVOKING Heroism.
 10593 | Lair:3   | Killed a six-headed hydra
 10593 | Lair:3   | Identified the +5 orcbow "Jacas" {flame, *Corrode rPois rC-
                  | Dex+8} (Okawaru gifted it to you on level 3 of the Lair of
                  | Beasts)
 10593 | Lair:3   | Received a gift from Okawaru
 10883 | Lair:3   | Found a hole to the Spider Nest.
 10906 | Lair:3   | Reached skill level 15 in Ranged Weapons
 10938 | Lair:3   | 10938 ||| INVOKING Heroism.
 11009 | Lair:3   | 11009 ||| INVOKING Heroism.
 11025 | Lair:3   | Reached XP level 13. HP: 82/82 MP: 20/20
 11066 | Lair:3   | 11066 ||| READING scroll of enchant armour.
 11066 | Lair:3   | 11066 ||| ENCHANTING +0 pair of gloves.
 11486 | Lair:4   | Reached skill level 16 in Ranged Weapons
 11608 | Lair:4   | 11608 ||| INVOKING Heroism.
 11609 | Lair:4   | 11609 ||| INVOKING Finesse.
 11617 | Lair:4   | Reached skill level 6 in Dodging
 11748 | Lair:4   | 11748 ||| INVOKING Heroism.
 11762 | Lair:4   | Found a staircase to the Slime Pits.
 11762 | Lair:4   | Found a viscous altar of Jiyva.
 12022 | Lair:4   | 12022 ||| READING scroll labelled ZYAFOGR WEYB.
 12055 | Lair:5   | Entered Level 5 of the Lair of Beasts
 12056 | Lair:5   | 12056 ||| INVOKING Heroism.
 12108 | Lair:5   | 12108 ||| INVOKING Heroism.
 12145 | Lair:5   | Identified the +1 pair of boots of Devotion {Will+}
                  | (Okawaru gifted it to you on level 5 of the Lair of Beasts)
 12145 | Lair:5   | Received a gift from Okawaru
 12146 | Lair:5   | Noticed Nessos
 12148 | Lair:5   | 12148 ||| INVOKING Heroism.
 12150 | Lair:5   | 12150 ||| INVOKING Finesse.
 12154 | Lair:5   | Killed Nessos
 12198 | Lair:5   | 12198 ||| INVOKING Heroism.
 12243 | Lair:5   | 12243 ||| DROPPING +2 longbow of draining.
 12244 | Lair:5   | 12244 ||| UPGRADING to +0 triple crossbow.
 12245 | Lair:5   | 12245 ||| DROPPING +8 storm bow {elec, penet}.
 12246 | Lair:5   | 12246 ||| READING scroll of brand weapon.
 12246 | Lair:5   | 12246 ||| BRANDING +0 triple crossbow.
 12296 | Lair:5   | 12296 ||| FLEEEEING.
 12297 | Lair:5   | 12297 ||| FLEEEEING.
 12298 | Lair:5   | 12298 ||| FLEEEEING.
 12299 | Lair:5   | 12299 ||| FLEEEEING.
 12300 | Lair:5   | 12300 ||| FLEEEEING.
 12301 | Lair:5   | 12301 ||| FLEEEEING.
 12302 | Lair:5   | 12302 ||| FLEEEEING.
 12303 | Lair:5   | 12303 ||| FLEEEEING.
 12304 | Lair:5   | 12304 ||| FLEEEEING.
 12423 | Lair:5   | 12423 ||| INVOKING Heroism.
 12448 | Lair:5   | 12448 ||| INVOKING Heroism.
 12472 | Lair:5   | 12472 ||| FLEEEEING.
 12473 | Lair:5   | 12473 ||| FLEEEEING.
 12474 | Lair:5   | 12474 ||| FLEEEEING.
 12476 | Lair:5   | 12476 ||| STAIRDANCE
 12609 | Lair:4   | 12609 ||| UPGRADING to +1 pair of boots of Devotion
                  | {Will+}.
 12619 | Lair:4   | 12619 ||| DROPPING +0 pair of boots.
 12708 | Lair:5   | 12708 ||| FLEEEEING.
 12709 | Lair:5   | 12709 ||| FLEEEEING.
 12710 | Lair:5   | 12710 ||| FLEEEEING.
 12711 | Lair:5   | 12711 ||| FLEEEEING.
 12712 | Lair:5   | 12712 ||| STAIRDANCE
 12814 | Lair:4   | 12814 ||| READING 12 scrolls of identify.
 12814 | Lair:4   | 12814 ||| IDENTIFYING cyan potion
 12818 | Lair:5   | 12818 ||| STAIRDANCE
 12919 | Lair:5   | 12919 ||| STAIRDANCE
 12953 | Lair:5   | 12953 ||| STAIRDANCE
 12958 | Lair:4   | 12958 ||| INVOKING Heroism.
 13081 | Lair:5   | Reached skill level 17 in Ranged Weapons
 13128 | Lair:5   | 13128 ||| Stepping ~*~*~tactically~*~*~ (water).
 13130 | Lair:5   | 13130 ||| Stepping ~*~*~tactically~*~*~ (water).
 13134 | Lair:5   | 13134 ||| Stepping ~*~*~tactically~*~*~ (water).
 13161 | Lair:5   | 13161 ||| Stepping ~*~*~tactically~*~*~ (water).
 13173 | Lair:5   | Noticed a fire dragon
 13174 | Lair:5   | 13174 ||| INVOKING Heroism.
 13175 | Lair:5   | 13175 ||| INVOKING Finesse.
 13180 | Lair:5   | Killed a fire dragon
 13380 | Lair:5   | Identified the +0 robe of the Aged Leylines {Contam Rampage
                  | rPois Stlth+} (Okawaru gifted it to you on level 5 of the
                  | Lair of Beasts)
 13380 | Lair:5   | Received a gift from Okawaru
 13501 | Lair:5   | 13501 ||| FLEEEEING.
 13502 | Lair:5   | 13502 ||| FLEEEEING.
 13503 | Lair:5   | 13503 ||| FLEEEEING.
 13504 | Lair:5   | 13504 ||| FLEEEEING.
 13509 | Lair:5   | 13509 ||| FLEEEEING.
 13510 | Lair:5   | 13510 ||| FLEEEEING.
 13511 | Lair:5   | 13511 ||| FLEEEEING.
 13512 | Lair:5   | 13512 ||| FLEEEEING.
 13513 | Lair:5   | 13513 ||| FLEEEEING.
 13514 | Lair:5   | 13514 ||| FLEEEEING.
 13515 | Lair:5   | 13515 ||| FLEEEEING.
 13520 | Lair:5   | 13520 ||| INVOKING Heroism.
 13526 | Lair:5   | Gained mutation: Your large and strong wings let you fly.
                  | [Gargoyle growth]
 13526 | Lair:5   | Reached XP level 14. HP: 90/90 MP: 19/21
 13585 | Lair:5   | 13585 ||| INVOKING Heroism.
 13659 | Lair:5   | 13659 ||| INVOKING Heroism.
 13690 | Lair:5   | 13690 ||| INVOKING Heroism.
 13693 | Lair:5   | Reached skill level 18 in Ranged Weapons
 13973 | Lair:5   | 13973 ||| INVOKING Heroism.
 14039 | Lair:5   | 14039 ||| PLANNING D:1-11
 14039 | Lair:5   | 14039 ||| DROPPING +0 robe of the Aged Leylines {Contam
                  | Rampage rPois Stlth+}.
 14170 | D:11     | Noticed Erolcha
 14171 | D:11     | 14171 ||| PLANNING GAUNTLET
 14171 | D:11     | 14171 ||| INVOKING Heroism.
 14174 | D:11     | Killed Erolcha
 14254 | D:11     | Reached skill level 12 in Fighting
 14325 | D:11     | Found Effezoyw's Serpentskin Sales.
 14467 | D:11     | 14467 ||| INVOKING Heroism.
 14521 | D:11     | 14521 ||| FLEEEEING.
 14522 | D:11     | 14522 ||| FLEEEEING.
 14523 | D:11     | 14523 ||| FLEEEEING.
 14524 | D:11     | 14524 ||| FLEEEEING.
 14525 | D:11     | 14525 ||| FLEEEEING.
 14526 | D:11     | 14526 ||| FLEEEEING.
 14527 | D:11     | 14527 ||| FLEEEEING.
 14528 | D:11     | 14528 ||| FLEEEEING.
 14529 | D:11     | 14529 ||| FLEEEEING.
 14530 | D:11     | 14530 ||| FLEEEEING.
 14531 | D:11     | 14531 ||| FLEEEEING.
 14532 | D:11     | 14532 ||| FLEEEEING.
 14533 | D:11     | 14533 ||| FLEEEEING.
 14534 | D:11     | 14534 ||| FLEEEEING.
 14535 | D:11     | 14535 ||| FLEEEEING.
 14536 | D:11     | 14536 ||| FLEEEEING.
 14537 | D:11     | 14537 ||| FLEEEEING.
 14538 | D:11     | 14538 ||| FLEEEEING.
 14539 | D:11     | 14539 ||| FLEEEEING.
 14540 | D:11     | 14540 ||| FLEEEEING.
 14541 | D:11     | 14541 ||| FLEEEEING.
 14542 | D:11     | 14542 ||| FLEEEEING.
 14543 | D:11     | 14543 ||| FLEEEEING.
 14544 | D:11     | 14544 ||| FLEEEEING.
 14545 | D:11     | 14545 ||| FLEEEEING.
 14546 | D:11     | 14546 ||| FLEEEEING.
 14547 | D:11     | 14547 ||| FLEEEEING.
 14548 | D:11     | 14548 ||| INVOKING Heroism.
 14649 | D:11     | 14649 ||| RIP GAUNTLET
 14653 | D:11     | 14653 ||| PLANNING D:1-11
 15066 | D:11     | 15066 ||| PLANNING D
 15127 | D:12     | 15127 ||| READING scroll of enchant weapon.
 15127 | D:12     | 15127 ||| ENCHANTING +0 triple crossbow of electrocution.
 15446 | D:12     | 15446 ||| INVOKING Heroism.
 15447 | D:12     | 15447 ||| Stepping ~*~*~tactically~*~*~ (outnumbered).
 15464 | D:12     | 15464 ||| Stepping ~*~*~tactically~*~*~ (outnumbered).
 15466 | D:12     | HP: 12/92 [skeletal warrior/+0 glaive (16)]
 15467 | D:12     | 15467 ||| READING 3 scrolls of teleportation.
 15468 | D:12     | 15468 ||| DRINKING 3 potions of heal wounds.
 15677 | D:12     | 15677 ||| Stepping ~*~*~tactically~*~*~ (outnumbered).
 15678 | D:12     | 15678 ||| Stepping ~*~*~tactically~*~*~ (outnumbered).
 15680 | D:12     | 15680 ||| Stepping ~*~*~tactically~*~*~ (outnumbered).
 15812 | D:12     | 15812 ||| FLEEEEING.
 15813 | D:12     | 15813 ||| FLEEEEING.
 15814 | D:12     | 15814 ||| FLEEEEING.
 15815 | D:12     | 15815 ||| FLEEEEING.
 15816 | D:12     | 15816 ||| FLEEEEING.
 15817 | D:12     | 15817 ||| FLEEEEING.
 15818 | D:12     | 15818 ||| FLEEEEING.
 15819 | D:12     | 15819 ||| FLEEEEING.
 15820 | D:12     | 15820 ||| FLEEEEING.
 15821 | D:12     | 15821 ||| FLEEEEING.
 15976 | D:12     | Found a staircase to the Orcish Mines.
 16079 | D:12     | 16079 ||| DROPPING +0 swamp dragon scales.
 16080 | D:12     | 16080 ||| UPGRADING to +0 troll leather armour.
 16090 | D:12     | 16090 ||| READING 13 scrolls of identify.
 16090 | D:12     | 16090 ||| IDENTIFYING fizzy black potion
 16091 | D:12     | 16091 ||| DROPPING potion of berserk rage.
 16100 | D:13     | Noticed Urug
 16100 | D:13     | Found a gate to the Vaults.
 16101 | D:13     | 16101 ||| INVOKING Heroism.
 16102 | D:13     | 16102 ||| INVOKING Finesse.
 16130 | D:13     | 16130 ||| STAIRDANCE
 16140 | D:12     | Killed Urug
 16140 | D:12     | Identified the +9 longbow "Zefist" {heavy, rPois} (Okawaru
                  | gifted it to you on level 12 of the Dungeon)
 16140 | D:12     | Received a gift from Okawaru
 16187 | D:13     | 16187 ||| STAIRDANCE
 16280 | D:13     | 16280 ||| READING scroll of enchant weapon.
 16280 | D:13     | 16280 ||| ENCHANTING +1 triple crossbow of electrocution.
 16311 | D:13     | 16311 ||| INVOKING Heroism.
 16324 | D:13     | Reached XP level 15. HP: 96/96 MP: 22/22
 16419 | D:13     | 16419 ||| INVOKING Heroism.
 16425 | D:13     | Reached skill level 19 in Ranged Weapons
 16463 | D:13     | 16463 ||| INVOKING Heroism.
 16558 | D:13     | 16558 ||| READING 3 scrolls of teleportation.
 16559 | D:13     | 16559 ||| INVOKING Heroism.
 16605 | D:13     | 16605 ||| Stepping ~*~*~tactically~*~*~ (outnumbered).
 16928 | D:14     | Noticed Snorg
 16930 | D:14     | Killed Snorg
 16931 | D:14     | Reached skill level 9 in Dodging
 16939 | D:14     | Identified the staff of conjuration "Inno" {Dex+6}
 16958 | D:14     | Identified the +1 plate armour of the Moon {rElec} (Okawaru
                  | gifted it to you on level 14 of the Dungeon)
 16958 | D:14     | Received a gift from Okawaru
 16961 | D:14     | 16961 ||| READING scroll of enchant weapon.
 16961 | D:14     | 16961 ||| ENCHANTING +2 triple crossbow of electrocution.
 17115 | D:14     | 17115 ||| FLEEEEING.
 17116 | D:14     | 17116 ||| FLEEEEING.
 17286 | D:14     | 17286 ||| READING scroll of brand weapon.
 17286 | D:14     | 17286 ||| BRANDING +3 triple crossbow of electrocution.
 17747 | D:14     | 17747 ||| UPGRADING to +1 troll leather armour {Snorg}.
 17757 | D:14     | 17757 ||| DROPPING +0 troll leather armour.
 17778 | D:15     | Entered Level 15 of the Dungeon
 17883 | D:15     | 17883 ||| INVOKING Heroism.
 17916 | D:15     | 17916 ||| INVOKING Heroism.
 18046 | D:15     | Found a stormy altar of Qazlal.
 18150 | D:15     | 18150 ||| INVOKING Heroism.
 18152 | D:15     | 18152 ||| Stepping ~*~*~tactically~*~*~ (outnumbered).
 18176 | D:15     | Found a staircase to the Depths.
 18341 | D:15     | 18341 ||| INVOKING Heroism.
 18344 | D:15     | Reached skill level 20 in Ranged Weapons
 18568 | D:15     | 18568 ||| PLANNING ORC
 18696 | Orc:1    | Entered Level 1 of the Orcish Mines
 18809 | Orc:1    | 18809 ||| Stepping ~*~*~tactically~*~*~ (outnumbered).
 18906 | Orc:1    | Found a transporter.
 18909 | Orc:1    | Noticed Teryn's ghost (journeyman DsAK)
 18933 | Orc:1    | Reached ****** piety under Okawaru
 19216 | Orc:1    | Found a transporter.
 19259 | Orc:2    | Entered Level 2 of the Orcish Mines
 19295 | Orc:2    | 19295 ||| INVOKING Heroism.
 19298 | Orc:2    | Identified the +6 battleaxe "Ovval" {antimagic, Int+3
                  | Dex+3} (Okawaru gifted it to you on level 2 of the Orcish
                  | Mines)
 19298 | Orc:2    | Received a gift from Okawaru
 19308 | Orc:2    | Found a staircase to the Elven Halls.
 19484 | Orc:2    | 19484 ||| INVOKING Heroism.
 19530 | Orc:2    | 19530 ||| INVOKING Heroism.
 19549 | Orc:2    | 19549 ||| Stepping ~*~*~tactically~*~*~ (outnumbered).
 19556 | Orc:2    | Reached XP level 16. HP: 100/106 MP: 23/23
 19556 | Orc:2    | Noticed Saint Roka
 19557 | Orc:2    | 19557 ||| INVOKING Finesse.
 19565 | Orc:2    | 19565 ||| Stepping ~*~*~tactically~*~*~ (outnumbered).
 19566 | Orc:2    | 19566 ||| Stepping ~*~*~tactically~*~*~ (outnumbered).
 19567 | Orc:2    | 19567 ||| INVOKING Heroism.
 19567 | Orc:2    | HP: 20/106 [Saint Roka/divine providence (13)]
 19568 | Orc:2    | 19568 ||| READING 2 scrolls of teleportation.
 19568 | Orc:2    | HP: 1/106 [sun demon[an orc high priest] (19)]
 19569 | Orc:2    | 19569 ||| DRINKING 2 potions of heal wounds.
 19570 | Orc:2    | 19570 ||| DRINKING potion of heal wounds.
 19614 | Orc:2    | 19614 ||| INVOKING Heroism.
 19615 | Orc:2    | 19615 ||| INVOKING Finesse.
 19619 | Orc:2    | Killed Saint Roka
 19749 | Orc:2    | 19749 ||| INVOKING Heroism.
 19774 | Orc:2    | 19774 ||| INVOKING Heroism.
 19807 | Orc:2    | 19807 ||| Stepping ~*~*~tactically~*~*~ (outnumbered).
 19818 | Orc:2    | Found Seth's Weapon Emporium.
 19818 | Orc:2    | Found Urulam's Weapon Shop.
 19820 | Orc:2    | Found Feupp's Magic Scroll Shop.
 19820 | Orc:2    | Found Kishuw's Jewellery Emporium.
 19829 | Orc:2    | 19829 ||| BUYING +5 ring of evasion (612 gold).
 19829 | Orc:2    | Bought a +5 ring of evasion for 612 gold pieces
 19829 | Orc:2    | 19829 ||| BUYING amulet "Aqej" {rElec rF+ rC- Regen+ Int+5}
                  | (926 gold).
 19829 | Orc:2    | Bought the amulet "Aqej" {rElec rF+ rC- Regen+ Int+5} for
                  | 926 gold pieces
 19829 | Orc:2    | 19829 ||| SHOPLISTING ring of Geurenoc {rC+ Str+3} (651
                  | gold, have 338).
 19855 | Orc:2    | 19855 ||| PLANNING SPIDER:1-3
 19855 | Orc:2    | 19855 ||| DROPPING ring of positive energy.
 19856 | Orc:2    | 19856 ||| UPGRADING to +5 ring of evasion.
 19858 | Orc:2    | 19858 ||| DROPPING ring of see invisible.
 20030 | Spider:1 | Entered Level 1 of the Spider Nest
 20110 | Spider:1 | 20110 ||| INVOKING Finesse.
 20221 | Spider:1 | 20221 ||| FLEEEEING.
 20223 | Spider:1 | 20223 ||| FLEEEEING.
 20224 | Spider:1 | 20224 ||| FLEEEEING.
 20226 | Spider:1 | 20226 ||| FLEEEEING.
 20228 | Spider:1 | 20228 ||| FLEEEEING.
 20247 | Spider:1 | 20247 ||| INVOKING Heroism.
 20287 | Spider:1 | 20287 ||| INVOKING Finesse.
 20417 | Spider:1 | 20417 ||| INVOKING Heroism.
 20470 | Spider:1 | 20470 ||| READING scroll of enchant weapon.
 20470 | Spider:1 | 20470 ||| ENCHANTING +3 heavy triple crossbow.
 20477 | Spider:1 | Reached skill level 21 in Ranged Weapons
 20503 | Spider:1 | 20503 ||| INVOKING Finesse.
 20505 | Spider:1 | 20505 ||| Stepping ~*~*~tactically~*~*~ (outnumbered).
 20570 | Spider:1 | 20570 ||| INVOKING Heroism.
 20572 | Spider:1 | HP: 26/106 [demonic crawler (9)]
 20573 | Spider:1 | 20573 ||| READING scroll of teleportation.
 20587 | Spider:1 | HP: 22/106 [demonic crawler (6)]
 20816 | Spider:1 | 20816 ||| DROPPING +4 ring of protection.
 20853 | Spider:2 | 20853 ||| INVOKING Finesse.
 20926 | Spider:2 | 20926 ||| INVOKING Finesse.
 21000 | Spider:2 | 21000 ||| INVOKING Heroism.
 21024 | Spider:2 | Noticed Roxanne
 21025 | Spider:2 | 21025 ||| INVOKING Finesse.
 21027 | Spider:2 | Killed Roxanne
 21035 | Spider:2 | Received a gift from Okawaru
 21110 | Spider:2 | 21110 ||| INVOKING Finesse.
 21157 | Spider:2 | Identified the +7 orcbow of Grandeur {elec, rElec rC++
                  | Dex-5}
 21243 | Spider:2 | 21243 ||| READING scroll of enchant armour.
 21243 | Spider:2 | 21243 ||| ENCHANTING +1 pair of gloves.
 21292 | Spider:2 | 21292 ||| INVOKING Finesse.
 21300 | Spider:2 | Reached skill level 15 in Fighting
 21917 | Spider:3 | 21917 ||| STAIRDANCE
 22037 | Spider:3 | 22037 ||| STAIRDANCE
 22195 | Spider:3 | 22195 ||| FLEEEEING.
 22197 | Spider:3 | 22197 ||| FLEEEEING.
 22198 | Spider:3 | 22198 ||| FLEEEEING.
 22199 | Spider:3 | 22199 ||| FLEEEEING.
 22200 | Spider:3 | 22200 ||| FLEEEEING.
 22201 | Spider:3 | 22201 ||| FLEEEEING.
 22202 | Spider:3 | 22202 ||| FLEEEEING.
 22203 | Spider:3 | 22203 ||| STAIRDANCE
 22207 | Spider:3 | 22207 ||| STAIRDANCE
 22222 | Spider:3 | 22222 ||| INVOKING Finesse.
 22327 | Spider:3 | 22327 ||| INVOKING Heroism.
 22377 | Spider:3 | 22377 ||| INVOKING Finesse.
 22378 | Spider:3 | 22378 ||| INVOKING Heroism.
 22541 | Spider:3 | 22541 ||| DRINKING 7 potions of curing.
 22541 | Spider:3 | 22541 ||| (to cure confusion)
 22576 | Spider:3 | 22576 ||| INVOKING Heroism.
 22579 | Spider:3 | HP: 20/108 [disintegration (43)]
 22581 | Spider:3 | Reached XP level 17. HP: 23/113 MP: 22/24
 22679 | Spider:3 | Received a gift from Okawaru
 22701 | Spider:3 | 22701 ||| FLEEEEING.
 22705 | Spider:3 | 22705 ||| FLEEEEING.
 22706 | Spider:3 | 22706 ||| STAIRDANCE
 22861 | Spider:3 | 22861 ||| INVOKING Heroism.
 22870 | Spider:3 | 22870 ||| DRINKING 6 potions of curing.
 22870 | Spider:3 | 22870 ||| (to cure confusion)
 22880 | Spider:3 | Reached skill level 22 in Ranged Weapons
 23161 | Spider:3 | 23161 ||| INVOKING Finesse.
 23166 | Spider:3 | Reached skill level 9 in Armour
 23300 | Spider:3 | 23300 ||| INVOKING Heroism.
 23449 | Spider:3 | 23449 ||| PLANNING SWAMP:1-3
 23449 | Spider:3 | 23449 ||| DROPPING +3 leather armour.
 23597 | Swamp:1  | Entered Level 1 of the Swamp
 23599 | Swamp:1  | 23599 ||| INVOKING Heroism.
 23652 | Swamp:1  | 23652 ||| INVOKING Heroism.
 23682 | Swamp:1  | Found the ring of the Tortoise {AC+8}
 23806 | Swamp:1  | 23806 ||| INVOKING Heroism.
 23836 | Swamp:1  | 23836 ||| INVOKING Heroism.
 23850 | Swamp:1  | Received a gift from Okawaru
 23851 | Swamp:1  | 23851 ||| READING scroll of acquirement.
 23851 | Swamp:1  | 23851 ||| ACQUIRING 372 gold pieces
 23851 | Swamp:1  | Acquired 372 gold pieces
 23855 | Swamp:1  | Identified the +3 quarterstaff of the Sun {heavy, Int+7}
 24179 | Swamp:1  | 24179 ||| UPGRADING to ring of the Tortoise {AC+8}.
 24181 | Swamp:1  | 24181 ||| DROPPING ring of fire.
 24182 | Swamp:1  | 24182 ||| DROPPING +5 ring of evasion.
 24183 | Swamp:1  | 24183 ||| READING 18 scrolls of identify.
 24183 | Swamp:1  | 24183 ||| IDENTIFYING brown potion
 24184 | Swamp:1  | 24184 ||| READING 17 scrolls of identify.
 24184 | Swamp:1  | 24184 ||| IDENTIFYING bubbling white potion
 24185 | Swamp:1  | 24185 ||| DROPPING potion of invisibility.
 24226 | Swamp:2  | 24226 ||| INVOKING Heroism.
 24316 | Swamp:2  | 24316 ||| INVOKING Heroism.
 24381 | Swamp:2  | 24381 ||| Stepping ~*~*~tactically~*~*~ (outnumbered).
 24396 | Swamp:2  | 24396 ||| READING scroll of enchant armour.
 24396 | Swamp:2  | 24396 ||| ENCHANTING +0 helmet.
 24416 | Swamp:2  | 24416 ||| INVOKING Heroism.
 24766 | Swamp:2  | 24766 ||| DROPPING ring of wizardry.
 24801 | Swamp:3  | 24801 ||| INVOKING Heroism.
 24809 | Swamp:3  | 24809 ||| STAIRDANCE
 24811 | Swamp:2  | HP: 21/115 [spriggan druid/angry trees (9)]
 24811 | Swamp:2  | HP: 10/115 [ghoul (11)]
 24811 | Swamp:2  | Slain by a ghoul

Levels and vault maps discovered:
D:1:      amcnicky_arrival_double_pillar, layout_loops_ring,
          hellmonk_ecumenical_altar_crossroads, serial_shops, shop, shop,
          shop_fountains
D:2:      layout_loops_corners, serial_shops, shop, kennysheep_doodads,
          nicolae_shop_unique_rings
D:3:      layout_basic, nicolae_overflow_ecumenical_swirl,
          gup_sewer_entry_bubbles, biasface_ghost_orc_armoury
D:4:      layout_basic
D:5:      layout_loops_cross, minmay_misc_feat_pillars, chequers_garden
D:6:      layout_basic, old_standard_altar, kennysheep_mini,
          chequers_temple_overflow_minitemple
D:7:      layout_gridville, minmay_temple_entry_from_below_a, serial_shops,
          nicolae_shop_peninsula
D:8:      layout_basic, nicolae_overflow_hidden_temple,
          grunt_decor_mini_mirrors, uniq_psyche, uniq_grum
D:9:      layout_basic, nzn_overflow_gifts_of_might_and_magic,
          mainiacjoe_overflow_alcove_1, serial_undead, serial_undead_c,
          serial_undead_b, serial_undead_f, serial_undead_f, serial_undead_c,
          serial_undead_d, serial_undead_d, serial_undead_e, serial_undead_e,
          serial_undead_e, nicolae_shop_national_dungeon_mall
D:10:     layout_cave_pools, grunt_dithmenos_shadows, lair_entry_dummy,
          grunt_decor_clamped
D:11:     layout_irregular_city, gauntlet_entry_generic, guppyfry_shop_venom,
          uniq_erolcha
D:12:     layout_roguey, kennysheep_orc_monster_closet_entryway,
          chequers_mini_garden
D:13:     layout_roguey, david_vaults_3, worms_lemuel
D:14:     layout_basic, minivault_14, uniq_snorg
D:15:     grunt_enter_depths_magical_seal, layout_loops_ring,
          chequers_big_river, drop_trap, nicolae_qazlal_eye_of_the_storm
Temple:   nicolae_temple_ecumenical_triangle
Lair:1:   wad_woods_tower, layout_regular_city, portal_ice_cave_entry_pillars_1,
          columned_hall_lemuel, uniq_urug, uniq_amaemon
Lair:2:   layout_loops_ring, swamp_mist_pool, lemuel_fruit_fields
Lair:3:   layout_regular_city, dummy_spider_entry, serial_bayou_crossing
Lair:4:   layout_loops_ring, slime_entry_1
Lair:5:   hangedman_lair_tendril_chambers, layout_gridlike,
          guppyfry_lair_end_dragon, kennysheep_rathole, uniq_nessos
Swamp:1:  layout_basic_swamp, hangedman_swamp_diagram, swamp_pool3,
          infiniplex_staircase_pool
Swamp:2:  layout_basic_swamp, serial_swamp_ruin, evilmike_swamp_ruin_house_5,
          evilmike_swamp_ruin_house_1, swamp_pool4
Swamp:3:  layout_basic_swamp, evilmike_swamp_ruin_house_3
Spider:1: layout_spider_delve, nicolae_crawler_farm
Spider:2: layout_cave_pods, nicolae_spider_claw_tunnel, uniq_roxanne
Spider:3: layout_cave_pods, hangedman_spider_tarantella_strand
Orc:1:    layout_caves, gammafunk_ghost_stat_death
Orc:2:    grunt_orc_tribal_feast, layout_diamond_mine, uniq_saint_roka

Skill      XL: |  1  2  3  4  5  6  7  8  9 10 11 12 13 14 15 16 17 |
---------------+----------------------------------------------------+-----
Ranged Weapons | 5 6 7 8 10 11 13 14 15 17 18 20 21 22 | 22.0
Fighting       | 3 4 5 6 8 9 10 11 12 14 15 16 | 16.0
Armour         | 1 2 4 5 6 7 8 9 |  9.0
Dodging        | 2 3 5 6 8 9 10 | 10.7
Invocations    | 4 7 10 | 10.0
Stealth        | |  1.1

Action                     |  1- 3 |  4- 6 |  7- 9 | 10-12 | 13-15 | 16-18 || total
---------------------------+-------+-------+-------+-------+-------+-------++-------
   Fire: Shortbow          |   109 |   204 |    50 |       |       |       ||   363
         Orcbow            |       |       |    12 |       |       |       ||    12
         Longbow           |       |       |   124 |   353 |    82 |       ||   559
         Triple crossbow   |       |       |       |       |   805 |   498 ||  1303
 Invoke: Heroism           |       |       |       |    15 |    31 |    21 ||    67
         Finesse           |       |       |       |       |     4 |    13 ||    17
    Use: Scroll            |     6 |     7 |     8 |     5 |    11 |     8 ||    45
         Potion            |       |     5 |       |       |     1 |     4 ||    10
 Armour: Leather armour    |    23 |    39 |       |       |       |       ||    62
         Ring mail         |       |    26 |    63 |    61 |   189 |       ||   339
         Troll leather arm |       |       |       |       |   171 |   242 ||   413
  Dodge: Dodged            |    38 |    74 |    71 |    64 |   703 |   722 ||  1672

Table legend:
 A = Non-vault XP
 B = Vault XP
 C = Vault XP percentage of total XP
 D = Non-vault monster count
 E = Vault monster count
 F = Vault count percentage of total count
                 A         B        C        D         E       F
            +---------+---------+-------+---------+---------+-------
      Total |  163643 |   57314 |  25.9 |     662 |     220 |  24.9
            +---------+---------+-------+---------+---------+-------
        D:1 |      35 |       0 |   0.0 |      20 |       0 |   0.0
        D:2 |      40 |       0 |   0.0 |      17 |       0 |   0.0
        D:3 |     140 |       9 |   6.0 |      24 |       5 |  17.2
        D:4 |     254 |       0 |   0.0 |      21 |       0 |   0.0
        D:5 |     697 |       0 |   0.0 |      21 |       0 |   0.0
        D:6 |     508 |       0 |   0.0 |      18 |       0 |   0.0
        D:7 |    2123 |     346 |  14.0 |      16 |       3 |  15.8
        D:8 |     727 |     571 |  44.0 |      19 |       2 |   9.5
        D:9 |    1637 |    3090 |  65.4 |      31 |      26 |  45.6
       D:10 |    3689 |     228 |   5.8 |      16 |       1 |   5.9
       D:11 |    4744 |    1184 |  20.0 |      21 |       4 |  16.0
       D:12 |    8871 |    4553 |  33.9 |      37 |      32 |  46.4
       D:13 |    8838 |    4949 |  35.9 |      25 |      14 |  35.9
       D:14 |    9016 |     942 |   9.5 |      20 |       1 |   4.8
       D:15 |   12552 |    3848 |  23.5 |      29 |       8 |  21.6
     Lair:1 |    4123 |    2065 |  33.4 |      16 |       8 |  33.3
     Lair:2 |    3857 |       0 |   0.0 |      17 |       0 |   0.0
     Lair:3 |    8117 |       0 |   0.0 |      28 |       0 |   0.0
     Lair:4 |    5334 |     147 |   2.7 |      11 |       1 |   8.3
     Lair:5 |    9966 |   13641 |  57.8 |      27 |      58 |  68.2
    Swamp:1 |   11158 |       0 |   0.0 |      28 |       0 |   0.0
    Swamp:2 |   10815 |       0 |   0.0 |      24 |       0 |   0.0
    Swamp:3 |     687 |       0 |   0.0 |       1 |       0 |   0.0
   Spider:1 |   11229 |    4796 |  29.9 |      25 |       6 |  19.4
   Spider:2 |   11522 |    4895 |  29.8 |      32 |       7 |  17.9
   Spider:3 |   27653 |     277 |   1.0 |      65 |       1 |   1.5
      Orc:1 |    1264 |       0 |   0.0 |      30 |       0 |   0.0
      Orc:2 |    4047 |   11773 |  74.4 |      23 |      43 |  65.2
            +---------+---------+-------+---------+---------+-------
